[Event "Team 45 45 League T39"]
[Site "Internet Chess Club"]
[Date "2008.10.30"]
[Round "2"]
[White "natethegreat"]
[Black "ghostfire"]
[Result "1-0"]
[WhiteElo "1823"]
[BlackElo "1868"]
[Opening "Sicilian: Alapin's variation (2.c3)"]
[ECO "B22"]
[Time "21:06:25"]
[TimeControl "2700+45"]

1. e4 c5 2. c3 Nf6 3. e5 Nd5 4. d4 cxd4 5. Nf3 Nc6 6. Bc4 Nb6 7. Bb3 d5 8. exd6
Qxd6 9. cxd4 Bg4 10. Bxf7+ Kxf7 11. Ng5+ Ke8 12. Qxg4 Nxd4 13. Qe4 Rc8 14. Na3
Qb4+ 15. Bd2 Qxb2 16. Rb1 Nc2+ 17. Kd1 Qxa3 18. Qxb7 Qxa2 19. Rxb6 Qa1+ 20. Rb1
Ne3+ 21. Ke2 Rd8 22. Rxa1 {Black resigns} 1-0

[Event "Team 45 45 League T39"]
[Site "Internet Chess Club"]
[Date "2008.10.30"]
[Round "2"]
[White "Stav"]
[Black "avila"]
[Result "0-1"]
[WhiteElo "1795"]
[BlackElo "1702"]
[Opening "Queen's pawn: stonewall attack"]
[ECO "D00"]
[Time "17:06:05"]
[TimeControl "2700+45"]

1. d4 d5 2. e3 Nf6 3. Bd3 c6 4. f4 Bg4 5. Nf3 Nbd7 6. O-O h6 7. Qe1 Ne4 8. Nbd2
Bxf3 9. Rxf3 Ndf6 10. c4 e6 11. Rf1 Bb4 12. a3 Qa5 13. axb4 Qxa1 14. Nxe4 dxe4
15. Be2 Qa6 16. Bd2 Qb6 17. Bc3 O-O 18. Qg3 Qd8 19. f5 Re8 20. Rf4 Nh7 21. Rg4
Qf6 22. d5 e5 23. Rxe4 Qxf5 24. Rf4 Qg5 25. Rg4 Qf6 26. h4 g5 27. Bd3 Qg7 28.
Bxh7+ Qxh7 29. hxg5 h5 30. Rh4 Qg6 31. Bxe5 cxd5 32. cxd5 Rac8 33. Bf6 Rc1+ 34.
Kf2 Qc2+ {White resigns} 0-1

[Event "Team 45 45 League T39"]
[Site "Internet Chess Club"]
[Date "2008.11.01"]
[Round "2"]
[White "vkpanch"]
[Black "Frankly"]
[Result "1-0"]
[WhiteElo "1775"]
[BlackElo "1773"]
[Opening "Sicilian: dragon, Yugoslav attack, 9.Bc4"]
[ECO "B77"]
[Time "16:03:32"]
[TimeControl "2700+45"]

1. e4 c5 2. Nf3 d6 3. d4 cxd4 4. Nxd4 Nf6 5. Nc3 g6 6. Be3 Bg7 7. f3 Nc6 8. Bc4
O-O 9. Qd2 Ne5 10. Bb3 Bd7 11. O-O-O Rc8 12. h4 h5 13. Bh6 Nc4 14. Bxc4 Rxc4 15.
Bxg7 Kxg7 16. f4 Qa5 17. Nb3 Qa6 18. e5 Ne8 19. exd6 Nxd6 20. Qe3 Bg4 21. Qe5+
Kg8 22. Rde1 e6 23. Re3 Rfc8 24. Rd3 Nf5 25. Kb1 Qc6 26. Re1 Qxg2 27. Rd2 Qg3
28. Re4 Rxe4 29. Nxe4 Qg1+ 30. Nc1 Ng7 31. Qf6 Rf8 32. Rd7 Ne8 33. Qe7 Qb6 34.
Ng5 e5 35. Nxf7 Bxd7 36. Nh6+ Kh8 37. Qxf8+ Kh7 38. Nf7 Qf6 39. Ng5+ Qxg5 40.
fxg5 {Black resigns} 1-0

[Event "Team 45 45 League T39"]
[Site "Internet Chess Club"]
[Date "2008.11.01"]
[Round "2"]
[White "rubo"]
[Black "soccerisfun"]
[Result "0-1"]
[WhiteElo "1749"]
[BlackElo "1359"]
[Opening "Bird: From gambit"]
[ECO "A02"]
[Time "00:00:13"]
[TimeControl "2700+45"]

1. f4 e5 2. fxe5 d6 3. exd6 Bxd6 4. Nf3 Bg4 5. g3 Qe7 6. Bg2 Bc5 7. d4 Bb6 8.
Qd3 Nc6 9. c3 Nf6 10. Bg5 O-O-O 11. Nbd2 h6 12. Bxf6 gxf6 13. Qe4 Qxe4 14. Nxe4
f5 15. Nf6 Ba5 16. O-O-O Rd6 17. Nxg4 fxg4 18. Ne5 Nxe5 19. dxe5 Re6 20. Rd5 Bb6
21. e4 c6 22. Rd6 Rxe5 23. Rf1 Rf8 24. Rxh6 Be3+ 25. Kc2 Bxh6 26. h3 f5 27. hxg4
Rd8 28. Bh3 Rd2+ 29. Kb3 Rh2 30. g5 Rxh3 31. gxh6 fxe4 32. Rf8+ Kc7 33. Rf7+ Kb6
34. h7 e3 35. g4 e2 36. g5 e1=Q 37. g6 Rb5+ 38. Ka3 Rxc3+ 39. b3 Qc1+ 40. Ka4
Rc4+ 41. bxc4 Qxc4+ 42. Ka3 Qb4# {White checkmated} 0-1

[Event "Team 45 45 League T39"]
[Site "Internet Chess Club"]
[Date "2008.11.01"]
[Round "2"]
[White "Zebbile"]
[Black "room-matt"]
[Result "0-1"]
[WhiteElo "1995"]
[BlackElo "1832"]
[Opening "Bogo-Indian defense, Nimzovich variation"]
[ECO "E11"]
[Time "11:01:36"]
[TimeControl "2700+45"]

1. Nf3 Nf6 2. d4 e6 3. c4 Bb4+ 4. Bd2 Qe7 5. a3 Bxd2+ 6. Nbxd2 b6 7. e4 d6 8.
Bd3 Nbd7 9. O-O Bb7 10. b4 a5 11. Qc2 e5 12. Rfe1 O-O 13. d5 Ng4 14. Nf1 Nh6 15.
Ng3 c6 16. Rab1 axb4 17. axb4 Ra7 18. Ra1 Rfa8 19. Qb2 Qf6 20. Rxa7 Rxa7 21. Ra1
Rxa1+ 22. Qxa1 Qd8 23. Qc1 Qc8 24. Qg5 f6 25. Qh5 Nf8 26. Nh4 Qd7 27. Bc2 Ba6
28. dxc6 Qxc6 29. b5 Bxb5 30. cxb5 Qxc2 31. h3 Qc1+ 32. Kh2 Qf4 33. Qd1 Qxh4 34.
Qxd6 Ng4+ 35. Kg1 Nxf2 36. Qd5+ Kh8 37. Nf5 Nxh3+ 38. gxh3 Qxh3 39. Qa8 Qg4+ 40.
Kf2 Kg8 41. Ke3 Qf4+ 42. Kd3 Qf3+ 43. Ne3 h5 44. Qd5+ Kh7 45. Qd6 Ng6 46. Qxb6
h4 47. Qc5 h3 48. b6 h2 49. b7 Nf4+ 50. Kc3 h1=Q 51. Qa7 Qc1+ 52. Kb4 Qd2+ 53.
Kb5 Qd7+ 54. Ka5 Qc7+ 55. Kb4 Nd3+ 56. Kb5 Qd7+ 57. Ka5 Qxe4 58. b8=Q Qea4+
{White resigns} 0-1

[Event "Team 45 45 League T39"]
[Site "Internet Chess Club"]
[Date "2008.11.01"]
[Round "2"]
[White "chess9793"]
[Black "pishd"]
[Result "0-1"]
[WhiteElo "1812"]
[BlackElo "1767"]
[Opening "Caro-Kann: advance variation"]
[ECO "B12"]
[Time "12:06:56"]
[TimeControl "2700+45"]

1. e4 c6 2. d4 d5 3. e5 g6 4. f4 Nh6 5. Nf3 Bg4 6. h3 Bxf3 7. Qxf3 Nf5 8. c3 h5
9. Bd3 e6 10. Bxf5 gxf5 11. Be3 h4 12. Nd2 Rg8 13. Bf2 Be7 14. Rg1 Nd7 15. Qd3
Qb6 16. Qc2 Nf8 17. Nf3 Ng6 18. Qd2 O-O-O 19. O-O-O Kb8 20. Kb1 Rh8 21. Ka1 Rdg8
22. g3 hxg3 23. Rxg3 Rh5 24. Rdg1 Qd8 25. Qe1 Qf8 26. Qe3 Qh6 27. Ng5 Bxg5 28.
fxg5 Qh7 29. Qd3 Nf4 30. Qf3 Nxh3 31. Rh1 Rh8 32. Bg1 Nxg5 33. Rxh5 Qxh5 34.
Qxh5 Rxh5 35. a3 f4 36. Rg4 f3 37. Be3 Ne4 38. Rf4 Rf5 39. Rxf5 exf5 40. Bf4 Kc8
41. Kb1 f2 42. e6 f1=Q+ 43. Kc2 Qxf4 44. exf7 Qh2+ 45. Kb3 Qh8 46. Kb4 Qf8+ 47.
Ka5 Qxf7 48. b4 Nxc3 49. b5 Nxb5 50. a4 Nxd4 51. Kb4 Ne6 52. a5 a6 53. Kc3 Kd7
54. Kb4 Kd6 55. Kc3 Kc5 56. Kb3 f4 57. Ka4 f3 58. Kb3 f2 59. Kc3 Qf3+ 60. Kd2
Kd4 61. Kc2 Qc3+ 62. Kb1 f1=Q+ 63. Ka2 Qfa1# {White checkmated} 0-1

[Event "Team 45 45 League T39"]
[Site "Internet Chess Club"]
[Date "2008.11.01"]
[Round "2"]
[White "Duguesclin"]
[Black "jacknor"]
[Result "0-1"]
[WhiteElo "1689"]
[BlackElo "1651"]
[Opening "Queen's pawn game"]
[ECO "E00"]
[Time "13:02:04"]
[TimeControl "2700+45"]

1. d4 Nf6 2. c4 e6 3. a3 c5 4. e3 cxd4 5. exd4 d5 6. c5 Bd7 7. Nf3 Be7 8. Bd3
O-O 9. O-O Nc6 10. b4 a6 11. Nc3 b5 12. h3 h6 13. Bf4 Nh7 14. Qc2 Ng5 15. Ne5
Nxd4 16. Qd1 Nc6 17. Nxc6 Bxc6 18. Ne2 Bf6 19. Ra2 e5 20. Bg3 d4 21. f3 e4 22.
fxe4 Nxe4 23. Bxe4 Bxe4 24. Bd6 Re8 25. Nxd4 Bxd4+ 26. Qxd4 Bg6 27. Qf4 Re4 28.
Qf3 Qe8 29. Rff2 Re3 30. Qb7 Be4 31. Qb6 Qc6 32. Rfe2 Rxe2 33. Rxe2 f5 34. Rf2
Kf7 35. Rxf5+ Kg6 36. Rf2 Qxb6 37. cxb6 Rd8 38. Bc7 Rd3 39. Re2 Bb7 40. Ra2 Kh5
41. Kh2 g5 42. a4 bxa4 43. Rxa4 Rd2 44. h4 Rxg2+ 45. Kh1 Ra2+ 46. Kg1 Rxa4 47.
hxg5 hxg5 48. Bd6 Ra2 49. Bc5 Kh4 50. Be7 Kg4 51. Kf1 Kf3 52. Ke1 g4 53. Bf6 g3
54. Kf1 g2+ 55. Kg1 Re2 56. Bd4 Re1+ 57. Kh2 Rh1# {White checkmated} 0-1

[Event "Team 45 45 League T39"]
[Site "Internet Chess Club"]
[Date "2008.11.02"]
[Round "2"]
[White "A-Ru"]
[Black "Yedixon"]
[Result "1-0"]
[WhiteElo "1941"]
[BlackElo "1856"]
[Opening "Queen's pawn game, Chigorin variation"]
[ECO "D02"]
[Time "18:02:08"]
[TimeControl "2700+45"]

1. d4 d5 2. Nf3 Nc6 3. Bf4 g6 4. e3 Nf6 5. c4 Bg7 6. Nc3 Bg4 7. Qb3 Na5 8. Qa4+
c6 9. Ne5 dxc4 10. Bxc4 O-O 11. Nxg4 Nxg4 12. Be2 Nf6 13. b4 b5 14. Qxa5 Qxa5
15. bxa5 Nd7 16. Rc1 c5 17. Bxb5 cxd4 18. exd4 Rfd8 19. Ne2 e5 20. Be3 Rab8 21.
a4 exd4 22. Nxd4 Ne5 23. O-O {Black resigns} 1-0

[Event "Team 45 45 League T39"]
[Site "Internet Chess Club"]
[Date "2008.11.01"]
[Round "2"]
[White "player12321"]
[Black "viking99"]
[Result "1-0"]
[WhiteElo "1860"]
[BlackElo "1788"]
[Opening "King's Indian: Torre attack"]
[ECO "A48"]
[Time "14:00:37"]
[TimeControl "2700+45"]

1. d4 Nf6 2. Nf3 g6 3. Bg5 Bg7 4. Nbd2 d5 5. e3 c6 6. Bd3 Qa5 7. O-O Nbd7 8. Qe2
Nf8 9. e4 Ne6 10. Bxf6 exf6 11. exd5 Qxd5 12. c4 Qh5 13. d5 cxd5 14. cxd5 Qxd5
15. Bc4 Qd6 16. Ne4 Qb6 17. Bb5+ Bd7 18. Bxd7+ Kxd7 19. Rad1+ Ke7 20. Qd3 Kf8
21. Nc3 Rd8 22. Nd5 Qc5 23. Qb3 b6 24. Rd3 Nc7 25. Rfd1 Rxd5 26. Rxd5 Nxd5 27.
Rxd5 Qc1+ 28. Rd1 Qc5 29. Qa4 Bh6 30. Qxa7 Kg7 31. h3 Rf8 32. b3 Qc2 33. Re1 b5
34. g3 Qc3 35. Kg2 Qc6 36. Re7 Qd5 37. Qc7 Qa8 38. Qb6 Qxa2 39. Qxb5 Qa8 40. b4
Rb8 41. Qc4 Rf8 42. b5 Qd8 43. Qc5 Qa5 44. Qc6 Qa4 45. Qb7 Qb3 46. b6 Bc1 47.
Nd4 Qb4 48. Ne6+ Kg8 49. Nxf8 Kxf8 50. Rxf7+ {Black forfeits on time} 1-0

[Event "Team 45 45 League T39"]
[Site "Internet Chess Club"]
[Date "2008.11.01"]
[Round "2"]
[White "NESKAYA"]
[Black "DaveTheRook"]
[Result "1-0"]
[WhiteElo "1646"]
[BlackElo "1663"]
[Opening "Robatsch (modern) defense"]
[ECO "B06"]
[Time "19:02:32"]
[TimeControl "2700+45"]

1. e4 g6 2. e5 Bg7 3. d4 c5 4. c3 cxd4 5. cxd4 a6 6. Nf3 d6 7. Bc4 b5 8. Bd5 Ra7
9. O-O dxe5 10. dxe5 Rd7 11. Nc3 b4 12. Qb3 bxc3 13. Bxf7+ Kf8 14. Bxg8 Rxg8 15.
Qxb8 Rb7 16. Qa8 cxb2 17. Bxb2 Rxb2 18. Rac1 Bh6 19. Rxc8 Qxc8 20. Qxc8+ Kf7 21.
Qxa6 Rgb8 22. Qc4+ Ke8 23. Qg8+ Kd7 24. Rd1+ Rd2 25. Rxd2+ Kc7 26. Rc2+ Kb7 27.
Rb2+ {Black resigns} 1-0

[Event "Team 45 45 League T39"]
[Site "Internet Chess Club"]
[Date "2008.10.31"]
[Round "2"]
[White "xakelari"]
[Black "playwaycool"]
[Result "0-1"]
[WhiteElo "2073"]
[BlackElo "2068"]
[Opening "Four knights: Rubinstein counter-gambit"]
[ECO "C48"]
[Time "16:30:36"]
[TimeControl "2700+45"]

1. e4 e5 2. Nf3 Nc6 3. Nc3 Nf6 4. Bb5 Nd4 5. Ba4 Nxf3+ 6. Qxf3 Bc5 7. d3 O-O 8.
Bg5 Be7 9. O-O d6 10. h3 Bd7 11. Bxd7 Qxd7 12. Rad1 Qe6 13. d4 exd4 14. Rxd4 c6
15. Rfd1 Rad8 16. Qf4 h6 17. Bxf6 Bxf6 18. Rxd6 Qc4 19. Rxd8 Bxd8 20. f3 Bf6 21.
Qe3 Bxc3 22. Qxc3 Qxa2 23. Rd7 Qa6 24. Qb3 b5 25. Kh2 Qb6 26. Qd3 c5 27. Qd5 a5
28. e5 Qe6 29. Qxe6 fxe6 30. Rc7 c4 31. Rb7 a4 32. c3 Ra8 33. Rxb5 a3 34. bxa3
Rxa3 35. Kg3 Rxc3 36. Kf4 Rc2 37. g3 c3 38. Rc5 Rc1 39. Ke3 c2 40. Kd2 Rg1 41.
g4 Rf1 42. Rxc2 Rxf3 43. Rc3 Rf2+ 44. Ke3 Rh2 45. Kd4 Kf7 46. Ra3 Kg6 47. Kc5
Rd2 48. Kb6 Rd5 49. Ra5 Rxa5 50. Kxa5 Kg5 51. Kb5 Kf4 52. Kc6 Kxe5 53. Kd7 Kd5
54. Ke7 e5 55. Kf7 e4 56. Kxg7 e3 57. Kxh6 e2 58. h4 e1=Q 59. h5 Ke6 60. g5 Qc1
61. Kg6 Qb1+ 62. Kg7 Qb7+ 63. Kg8 Kf5 64. h6 Kg6 {White resigns} 0-1

[Event "Team 45 45 League T39"]
[Site "Internet Chess Club"]
[Date "2008.11.02"]
[Round "2"]
[White "AMAV"]
[Black "hualpe"]
[Result "1-0"]
[WhiteElo "1999"]
[BlackElo "1796"]
[Opening "Colle system"]
[ECO "D05"]
[Time "16:10:14"]
[TimeControl "2700+45"]

1. d4 Nf6 2. Nf3 e6 3. e3 d5 4. Bd3 c5 5. c3 Nc6 6. Nbd2 Be7 7. O-O O-O 8. Qe2
a6 9. Re1 b5 10. e4 cxd4 11. cxd4 dxe4 12. Nxe4 Nxd4 13. Nxf6+ Bxf6 14. Qe4
Nxf3+ 15. gxf3 g6 16. Bh6 Rb8 17. Bxf8 Bb7 18. Qe2 Qxf8 19. Rac1 Bg5 20. Rc2 Bf4
21. Be4 Qh6 22. Qd3 Qxh2+ 23. Kf1 Bxe4 24. Rxe4 Bg5 25. Rd4 a5 26. Rc5 Bf6 27.
Rd7 Bxb2 28. Rd8+ Rxd8 29. Qxd8+ Kg7 30. Rc8 Qf4 31. Qh8+ Kh6 32. Qxb2 Qxf3 33.
Qd2+ Kg7 34. Qc3+ Qxc3 35. Rxc3 a4 36. a3 f5 37. Rc5 h5 38. Rxb5 {Black resigns}
1-0

[Event "Team 45 45 League T39"]
[Site "Internet Chess Club"]
[Date "2008.10.31"]
[Round "2"]
[White "chipionero"]
[Black "Gregorio"]
[Result "0-1"]
[WhiteElo "1705"]
[BlackElo "2062"]
[Opening "QGD semi-Slav: 5.e3"]
[ECO "D45"]
[Time "18:01:31"]
[TimeControl "2700+45"]

1. d4 Nf6 2. Nf3 c6 3. c4 d5 4. Nc3 e6 5. e3 Bd6 6. cxd5 exd5 7. Bd3 O-O 8. h3
Re8 9. Bd2 Nbd7 10. Qc2 h6 11. O-O Nf8 12. a3 N8h7 13. b4 a6 14. Rfb1 Bc7 15. a4
Ng5 16. Nxg5 hxg5 17. b5 axb5 18. axb5 Rxa1 19. Rxa1 g4 20. hxg4 Nxg4 21. g3 Qf6
22. Be1 Qh6 23. Kf1 Bxg3 24. Ke2 Rxe3+ 25. Kd1 Rxe1+ 26. Kxe1 Bxf2+ 27. Ke2 Qe3+
{White resigns} 0-1

[Event "Team 45 45 League T39"]
[Site "Internet Chess Club"]
[Date "2008.10.31"]
[Round "2"]
[White "CREDITorDEBIT"]
[Black "alexcluster"]
[Result "0-1"]
[WhiteElo "1715"]
[BlackElo "1674"]
[Opening "Sicilian: Najdorf, 7...Be7"]
[ECO "B98"]
[Time "12:00:06"]
[TimeControl "2700+45"]

1. e4 c5 2. Nf3 d6 3. d4 cxd4 4. Nxd4 Nf6 5. Nc3 a6 6. Bg5 e6 7. f4 Be7 8. Bc4
Nc6 9. Nxc6 bxc6 10. Qf3 d5 11. O-O-O Qc7 12. exd5 cxd5 13. Bb3 Bb7 14. Qf1 O-O
15. f5 Ne8 16. Bxe7 Qxe7 17. Qe2 Qg5+ 18. Kb1 Qxf5 19. Rdf1 Qg6 20. h4 Nf6 21.
h5 Qg4 22. Qe5 h6 23. Ne2 Qg5 24. Qxg5 hxg5 25. h6 Ne4 26. hxg7 Kxg7 27. Rh2 Rh8
28. Rfh1 Rxh2 29. Rxh2 Rh8 30. Rxh8 Kxh8 31. c4 Nd2+ 32. Kc2 Nxc4 33. Bxc4 dxc4
34. g3 Kg7 35. Kc3 Bd5 36. Kd4 Kg6 37. Nc3 Kf5 38. Nxd5 exd5 39. Kxd5 Kg4 40.
Kxc4 Kxg3 41. b4 Kf3 42. a4 g4 43. b5 axb5+ 44. axb5 g3 45. b6 g2 46. b7 g1=Q
47. b8=Q Qc1+ 48. Kd5 Qd2+ 49. Kc6 Qc3+ 50. Kd7 f5 51. Qd6 Qe3 52. Qd1+ Kg3 53.
Qd6+ f4 54. Qg6+ Kf2 55. Qc2+ Kf3 56. Qc6+ Ke2 57. Qc2+ Qd2+ {White resigns} 0-1

[Event "Team 45 45 League T39"]
[Site "Internet Chess Club"]
[Date "2008.11.01"]
[Round "2"]
[White "SlimeDog2"]
[Black "trophyking"]
[Result "0-1"]
[WhiteElo "2095"]
[BlackElo "2289"]
[Opening "QGD Slav: 3.Nf3"]
[ECO "D11"]
[Time "12:32:23"]
[TimeControl "2700+45"]

1. d4 d5 2. c4 c6 3. Nf3 Nf6 4. Qc2 e6 5. g3 dxc4 6. Qxc4 b5 7. Qc2 Bb7 8. Bg2
Nbd7 9. Nc3 c5 10. O-O b4 11. Na4 Rc8 12. dxc5 Nxc5 13. Rd1 Qa5 14. Nxc5 Bxc5
15. Qd3 O-O 16. e3 Rfd8 17. Qe2 Be7 18. Rxd8+ Qxd8 19. Ne1 Ne4 20. f3 Nc5 21. e4
Ba6 22. Qd2 Nd3 23. Nxd3 Bxd3 24. Bf1 Qb6+ 25. Kg2 Rc2 26. Bxd3 Rxd2+ 27. Bxd2
Qd4 28. Rc1 h5 {White resigns} 0-1

[Event "Team 45 45 League T39"]
[Site "Internet Chess Club"]
[Date "2008.11.01"]
[Round "2"]
[White "Elddir"]
[Black "GeofDeV"]
[Result "1/2-1/2"]
[WhiteElo "2083"]
[BlackElo "2042"]
[Opening "QGD Slav defense"]
[ECO "D10"]
[Time "22:08:37"]
[TimeControl "2700+45"]

1. d4 d5 2. c4 c6 3. Nc3 Nf6 4. e3 Bf5 5. cxd5 cxd5 6. Qb3 Qc7 7. Nxd5 Nxd5 8.
Qxd5 e6 9. Qb5+ Nc6 10. Bd2 a6 11. Qb3 b5 12. Rc1 Qb6 13. Nf3 Bd6 14. Be2 Na5
15. Qd1 O-O 16. O-O Rac8 17. Ne5 Bxe5 18. dxe5 Nc6 19. Qb3 Nxe5 20. Rxc8 {Game
drawn by mutual agreement} 1/2-1/2

[Event "Team 45 45 League T39"]
[Site "Internet Chess Club"]
[Date "2008.11.01"]
[Round "2"]
[White "primerpaso"]
[Black "FriedEggs"]
[Result "1/2-1/2"]
[WhiteElo "1870"]
[BlackElo "1862"]
[Opening "English: Bremen, reverse dragon"]
[ECO "A22"]
[Time "17:29:16"]
[TimeControl "2700+45"]

1. c4 e5 2. Nc3 Nf6 3. g3 d5 4. cxd5 Nxd5 5. Bg2 Nb6 6. Nf3 Nc6 7. b3 Be7 8. Bb2
O-O 9. O-O Bg4 10. Rc1 Qd7 11. Ne4 f6 12. Nc5 Bxc5 13. Rxc5 Rad8 14. Qc1 e4 15.
Nh4 Bxe2 16. Re1 Qd3 17. Rc3 Qxd2 18. Bxe4 Qxc1 19. Bxc1 Bh5 20. Bxc6 bxc6 21.
Rxc6 Rd7 22. Be3 Rfd8 23. a4 g5 24. Ng2 Kg7 25. f4 Bf3 26. Rcc1 g4 27. Nh4 Bd5
28. a5 Nc8 29. b4 c6 30. Bc5 Kf7 31. Re3 Re8 {Game drawn by mutual agreement}
1/2-1/2

[Event "Team 45 45 League T39"]
[Site "Internet Chess Club"]
[Date "2008.11.01"]
[Round "2"]
[White "gtm"]
[Black "VICODIN"]
[Result "0-1"]
[WhiteElo "1696"]
[BlackElo "1871"]
[Opening "Sicilian: Grand Prix attack"]
[ECO "B23"]
[Time "13:03:11"]
[TimeControl "2700+45"]

1. e4 c5 2. Nc3 Nc6 3. f4 g6 4. Nf3 Bg7 5. Bb5 Nd4 6. O-O e6 7. Nxd4 cxd4 8. Ne2
Qb6 9. Bd3 Ne7 10. b3 d5 11. e5 f6 12. exf6 Bxf6 13. Bb2 O-O 14. Qe1 Nc6 15. a3
Bd7 16. Qg3 Kh8 17. Qh3 Rf7 18. Kh1 e5 19. Qf3 e4 20. Bxe4 dxe4 21. Qxe4 Bf5 22.
Qd5 Re7 23. Rfe1 Rae8 24. Qf3 Bxc2 25. b4 Qb5 {White resigns} 0-1

[Event "Team 45 45 League T39"]
[Site "Internet Chess Club"]
[Date "2008.11.01"]
[Round "2"]
[White "Ortega"]
[Black "Alphalegacy"]
[Result "1-0"]
[WhiteElo "1977"]
[BlackElo "1931"]
[Opening "King's Indian: Four pawns attack, dynamic line"]
[ECO "A56"]
[Time "19:15:08"]
[TimeControl "2700+45"]

1. d4 Nf6 2. c4 c5 3. d5 d6 4. Nc3 g6 5. e4 Bg7 6. f4 O-O 7. Nf3 Bg4 8. Be2 Bxf3
9. Bxf3 Nfd7 10. O-O Na6 11. Be3 Nc7 12. Qe1 Rb8 13. a4 b6 14. g4 a6 15. Be2 e6
16. dxe6 Nxe6 17. Rd1 Nd4 18. Bxd4 Bxd4+ 19. Kh1 Re8 20. Bd3 Nf6 21. Qg3 h5 22.
h3 hxg4 23. hxg4 Kg7 24. Kg2 Rh8 25. Rh1 Qd7 26. Kf3 Rxh1 27. Rxh1 Rh8 28. Rxh8
Kxh8 29. Qh4+ Kg7 30. g5 Nh5 31. Bc2 Bxc3 32. bxc3 b5 33. axb5 axb5 34. f5 bxc4
35. f6+ Kf8 36. Qg4 Qe8 37. Bd1 Qc6 38. Ke3 Ke8 39. Qh3 d5 40. Ba4 d4+ 41. Kf2
Qxa4 42. Qc8# {Black checkmated} 1-0

[Event "Team 45 45 League T39"]
[Site "Internet Chess Club"]
[Date "2008.11.01"]
[Round "2"]
[White "Eskake"]
[Black "bgolev"]
[Result "1-0"]
[WhiteElo "1999"]
[BlackElo "1839"]
[Opening "Ruy Lopez: Marshall counter-attack, 11...c6"]
[ECO "C89"]
[Time "09:06:57"]
[TimeControl "2700+45"]

1. e4 e5 2. Nf3 Nc6 3. Bb5 a6 4. Ba4 Nf6 5. O-O Be7 6. Re1 b5 7. Bb3 O-O 8. c3
d5 9. exd5 Nxd5 10. Nxe5 Nxe5 11. Rxe5 c6 12. g3 Bd6 13. Re1 Bh3 14. d3 Qd7 15.
Nd2 Rae8 16. Ne4 Bc7 17. Bd2 Re7 18. Qh5 Bg4 19. Qh4 Rfe8 20. Nc5 Rxe1+ 21. Rxe1
Rxe1+ 22. Bxe1 Qc8 23. Qg5 h6 24. Qd2 Nf6 25. Bd1 Bf5 26. Bf3 Bd6 27. Ne4 Nxe4
28. dxe4 Bxe4 29. Bxe4 Qe6 30. Bc2 Bc5 31. Kg2 Qxa2 32. b4 Bb6 33. Bh7+ {Black
resigns} 1-0

[Event "Team 45 45 League T39"]
[Site "Internet Chess Club"]
[Date "2008.11.02"]
[Round "2"]
[White "room-matt"]
[Black "lluisdp"]
[Result "1/2-1/2"]
[WhiteElo "1841"]
[BlackElo "2046"]
[Opening "Robatsch (modern) defense"]
[ECO "B06"]
[Time "14:34:45"]
[TimeControl "2700+45"]

1. e4 g6 2. d4 Bg7 3. Nc3 d6 4. h3 Nd7 5. Be2 c5 6. Be3 cxd4 7. Bxd4 Ngf6 8. a3
O-O 9. Bf3 a6 10. Nge2 Qc7 11. O-O Rb8 12. Qd2 b5 13. Nf4 Bb7 14. Ncd5 Qd8 15.
Nxf6+ Nxf6 16. Nd5 e6 17. Nxf6+ Bxf6 18. Bxf6 Qxf6 19. b3 Rfd8 20. Rfe1 d5 21.
e5 Qe7 22. Qf4 Rbc8 23. Re2 Rc3 24. h4 h5 25. Kh2 a5 26. a4 b4 27. g3 d4 28.
Bxb7 Qxb7 29. Rd1 Qf3 30. Qxf3 Rxf3 31. Kg2 Rc3 32. Red2 Rd5 33. f4 d3 34. Rxd3
Rxc2+ 35. Kf3 Rc3 36. Ke4 Rxb3 37. Rxd5 exd5+ 38. Rxd5 Rxg3 39. Rxa5 Ra3 40. Kd4
Rf3 41. Ke4 Ra3 {Game drawn by mutual agreement} 1/2-1/2

[Event "Team 45 45 League T39"]
[Site "Internet Chess Club"]
[Date "2008.11.08"]
[Round "2"]
[White "baris"]
[Black "aww-rats"]
[Result "1/2-1/2"]
[WhiteElo "2124"]
[BlackElo "2013"]
[Opening "Alekhine's defense: Scandinavian variation"]
[ECO "B02"]
[Time "12:00:19"]
[TimeControl "2700+45"]

1. e4 Nf6 2. Nc3 d5 3. e5 d4 4. exf6 dxc3 5. fxg7 Bxg7 6. bxc3 O-O 7. Nf3 c5 8.
Be2 Nc6 9. O-O Bg4 10. Rb1 Qc7 11. Bb2 Rad8 12. c4 e5 13. d3 Rfe8 14. Ng5 Bf5
15. Bg4 Bg6 16. f4 exf4 17. Bxg7 Kxg7 18. Bf3 b6 19. Bxc6 Qxc6 20. Qg4 h6 21.
Nh3 Qd7 22. Qxd7 Rxd7 23. Nxf4 Rde7 24. Kf2 Bf5 25. Rbe1 Rxe1 26. Rxe1 Rxe1 27.
Kxe1 Kf6 28. Kf2 Ke5 29. Ke3 Bc8 30. c3 Ba6 31. Nd5 Kd6 32. Nf6 Ke6 33. Ng4 h5
34. Nf2 Bb7 35. g3 Kf5 36. a3 Bc6 37. d4 cxd4+ 38. cxd4 b5 39. d5 Bd7 40. Kd4
bxc4 41. Kxc4 Ke5 42. Kc5 Bf5 43. d6 Bd7 44. Nd3+ Ke4 45. Nf4 h4 46. Nd5 hxg3
47. hxg3 Kf3 48. Nf6 Be6 49. Kc6 Kxg3 50. d7 Bxd7+ 51. Kxd7 Kf4 52. Kc7 Ke5 53.
Nd7+ Kd5 54. a4 Kc4 55. Kc6 Kb4 56. Nc5 f5 57. Kd5 f4 58. Nd3+ {Game drawn by
mutual agreement} 1/2-1/2

[Event "Team 45 45 League T39"]
[Site "Internet Chess Club"]
[Date "2008.11.01"]
[Round "2"]
[White "alo"]
[Black "jonesey"]
[Result "0-1"]
[WhiteElo "1858"]
[BlackElo "1945"]
[Opening "Ruy Lopez: closed, anti-Marshall 8.a4"]
[ECO "C88"]
[Time "07:01:06"]
[TimeControl "2700+45"]

1. e4 e5 2. Nf3 Nc6 3. Bb5 a6 4. Ba4 Nf6 5. O-O Be7 6. Re1 b5 7. Bb3 O-O 8. a4
b4 9. d3 Bb7 10. c3 d5 11. exd5 Nxd5 12. Nxe5 Nxe5 13. Rxe5 Bf6 14. Re1 bxc3 15.
d4 cxb2 16. Bxb2 Nf4 17. f3 c5 18. Nd2 Nd3 19. Bxf7+ Rxf7 20. Qb3 Bxd4+ {White
resigns} 0-1

[Event "Team 45 45 League T39"]
[Site "Internet Chess Club"]
[Date "2008.11.06"]
[Round "2"]
[White "Qui"]
[Black "BRAINWAVE"]
[Result "1-0"]
[WhiteElo "1939"]
[BlackElo "1775"]
[Opening "Sicilian: Alapin's variation (2.c3)"]
[ECO "B22"]
[Time "13:05:21"]
[TimeControl "2700+45"]

1. e4 c5 2. c3 d5 3. exd5 Qxd5 4. Nf3 Nf6 5. d4 Bg4 6. Be2 cxd4 7. Qxd4 Nc6 8.
Qxd5 Nxd5 9. h3 Bh5 10. g4 Bg6 11. Bb5 e6 12. Nd4 Rc8 13. Bg5 a6 14. Nxc6 axb5
15. Nd4 b4 16. cxb4 Nxb4 17. O-O e5 18. a3 exd4 19. axb4 Bxb4 20. Ra4 Bc5 21.
Re1+ Kd7 22. Nd2 f6 23. Bf4 f5 24. Nb3 b5 25. Nxc5+ Kc6 26. Rxd4 Kxc5 27. Be3 b4
28. gxf5 Be8 {Black resigns} 1-0

[Event "Team 45 45 League T39"]
[Site "Internet Chess Club"]
[Date "2008.11.02"]
[Round "2"]
[White "frothyjowels"]
[Black "alexdb"]
[Result "1/2-1/2"]
[WhiteElo "2203"]
[BlackElo "1983"]
[Opening "Réti: King's Indian attack, French variation"]
[ECO "A05"]
[Time "16:11:03"]
[TimeControl "2700+45"]

1. Nf3 Nf6 2. g3 e6 3. Bg2 Be7 4. O-O O-O 5. d3 d5 6. Nbd2 c5 7. Re1 Nc6 8. e4
b5 9. e5 Nd7 10. Nf1 a5 11. h4 b4 12. h5 h6 13. N1h2 Re8 14. Bh3 Qc7 15. Bf4 Bb7
16. Ng4 Bf8 17. Qd2 Kh7 18. Kh2 d4 19. Nh4 Ne7 20. Nf6+ gxf6 21. exf6 Qd8 22.
fxe7 Rxe7 23. Bd6 Re8 24. Bxf8 Rxf8 25. Qf4 Qf6 26. Ng2 Qxf4 27. Nxf4 Nf6 28.
Re5 Nd7 29. Ree1 Nf6 30. Re5 Nd7 31. Ree1 Nf6 {Game drawn by repetition} 1/2-1/2

[Event "Team 45 45 League T39"]
[Site "Internet Chess Club"]
[Date "2008.11.01"]
[Round "2"]
[White "political"]
[Black "Wheels"]
[Result "0-1"]
[WhiteElo "1798"]
[BlackElo "1947"]
[Opening "Sicilian, Chekhover variation"]
[ECO "B53"]
[Time "21:25:08"]
[TimeControl "2700+45"]

1. e4 c5 2. Nf3 d6 3. d4 cxd4 4. Qxd4 Nc6 5. Bb5 Bd7 6. Bxc6 Bxc6 7. Nc3 Nf6 8.
Bg5 h6 9. Bh4 g5 10. Bg3 Bg7 11. O-O-O Qd7 12. Qc4 Qc8 13. Rhe1 Nh5 14. Nd4 Nxg3
15. hxg3 Bd7 16. Qe2 Qc5 17. Nb3 Qc6 18. Nd4 Qc5 19. Nb3 Qc8 20. Nd4 Qd8 21. f4
Qa5 22. Nd5 Qxa2 23. Nc7+ Kf8 24. Nxa8 Qa1+ 25. Kd2 Qxb2 26. Nb3 Bc3+ 27. Ke3
Bxe1 28. Rxe1 Qc3+ 29. Kf2 Kg7 30. Qd2 Qxd2+ 31. Nxd2 Rxa8 {White resigns} 0-1